 Dungeon Crawl Stone Soup version 0.23.0-38-g208d714 (webtiles) character file.

Game seed: 8051853611296961332

4078 wolfsongas the Fighter (level 10, -3/88 HPs)
             Began as a Demonspawn Berserker on Feb 28, 2019.
             Was an Elder of Trog.
             Slain by Gastronok (29 damage)
             ... on level 10 of the Dungeon.
             The game lasted 00:14:07 (8953 turns).

wolfsongas the Fighter (Demonspawn Berserker)       Turns: 8953, Time: 00:14:08

Health: -3/88      AC: 19    Str: 25    XL:     10   Next: 5%
Magic:  10/10      EV:  8    Int:  9    God:    Trog [****..]
Gold:   515        SH:  6    Dex: 12    Spells: 9/9 levels left

rFire    + . .     SeeInvis .   k - +0 war axe
rCold    + . .     Gourm    .   (no shield)
rNeg     . . .     Faith    .   e - +3 plate armour
rPois    .         Spirit   .   (helmet restricted)
rElec    .         Reflect  .   (no cloak)
rCorr    .         Harm     .   (no gloves)
MR       ++...                  p - +2 pair of boots
Stlth    ..........             r - amulet of magic regeneration
HPRegen  1.24/turn              l - +4 ring of strength
MPRegen  0.37/turn              h - ring of protection from cold

@: berserk cooldown, regenerating, slowed, very slow
A: horns 2, large bone plates 2, demonic guardian 1, fire resistance 1
a: Berserk, Trog's Hand, Brothers in Arms, Renounce Religion


You were on level 10 of the Dungeon.
You worshipped Trog.
Trog was greatly pleased with you.
You were hungry.

You visited 1 branch of the dungeon, and saw 10 of its levels.

You collected 515 gold pieces.

Inventory:

Hand Weapons
 k - a +0 war axe (weapon)
 u - the +4 long sword of Terror {speed, rF- Str+5}
   (You found it on level 10 of the Dungeon)

   Attacks with this weapon are significantly faster.
   It affects your strength (+5).
   It makes you vulnerable to fire.
Armour
 e - a +3 plate armour (worn)
 p - a +2 pair of boots (worn)
Jewellery
 h - a ring of protection from cold (right hand)
 l - a +4 ring of strength (left hand)
 r - an amulet of magic regeneration (around neck)
 t - an uncursed ring of see invisible
Wands
 d - a wand of acid (8)
 j - a wand of flame (22)
 o - a wand of paralysis (22)
Scrolls
 g - 2 scrolls of fog
 m - 3 scrolls of teleportation
 n - a scroll of vulnerability
 s - a scroll of identify
Potions
 a - 2 potions of agility
 b - 7 potions of curing
 f - 4 potions of resistance
 i - 2 potions of flight
 q - 2 potions of heal wounds
Comestibles
 c - 21 rations


   Skills:
 * Level 11.4 Fighting
 + Level 6.6 Axes
 + Level 6.3 Armour
 - Level 1.7 Dodging


You had 9 spell levels left.
You didn't know any spells.
Your spell library was empty.

Dungeon Overview and Level Annotations

Branches:
Dungeon (10/15)            Temple (0/1) D:7
   Lair: D:8-11         Orc: D:9-12

Altars:
Elyvilon
Fedhas
Gozag
Hepliaklqana
Okawaru
Qazlal
Sif Muna
Trog
Uskayaw
Xom
Yredelemnul
The Shining One

Shops:
D:5 (   D:9 }

Annotations:
D:3 1 runed translucent door
D:7 3 runed translucent doors, JimmyWheeler's ghost, novice KoHu
D:10 Gastronok


Innate Abilities, Weirdness & Mutations

You have a pair of horns on your head.
You are mostly covered in large bone plates. (SH +6)
A weak demonic guardian rushes to your aid.
Your flesh is heat resistant. (rF+)


Message History

Gastronok is moderately wounded.
You slash Gastronok!
Gastronok is heavily wounded.
You slice Gastronok!! You headbutt Gastronok.
Gastronok is severely wounded.
Gastronok waves his eye-stalks in wide circles.
The air twists around and strikes you!
* * * LOW HITPOINT WARNING * * *
You slice Gastronok!! You headbutt Gastronok!
Gastronok is almost dead.
You hit Gastronok.
Gastronok is almost dead.
You hit Gastronok.
Gastronok is almost dead.
You are no longer berserk.
You are exhausted.
You feel yourself slow down.
Your shadow imp disappears in a puff of smoke!
Gastronok bites you!!
You die...

#####################
##...................
.....###............
.....##.#..##### ..#
...........# ..#
.....#..#..######..##
.........#.##..5@w5.#
.#.....#.#....#####...#
...#.#.....#..# .#
.....#.#.###..#
...###.#.# #..#
##.....#.. ...#
......<. ###.. #######
####


You could see Gastronok, a friendly white imp and a friendly shadow imp.

Vanquished Creatures
  Grinder (D:6)
  4 hippogriffs (D:7)
  3 yaks (D:9)
  A wyvern (D:9)
  Edmund (D:4)
  2 water moccasins
  An orc warrior (D:5)
  A phantom (D:4)
  A necrophage (D:7)
  3 ogres
  A centaur (D:8)
  A big kobold (D:9)
  5 bullfrogs
  A scorpion (D:6)
  2 bullfrog zombies
  6 crimson imps
  2 jellies (D:5)
  2 orc priests
  A centaur zombie (D:9)
  3 hounds
  2 centaur skeletons
  A bullfrog skeleton (D:5)
  4 orc wizards
  9 worker ants
  A killer bee zombie (D:9)
  A hound zombie (D:5)
  A hound skeleton (D:9)
  A worker ant zombie (D:9)
  9 adders
  A howler monkey skeleton (D:8)
  2 shadow imps
  3 oozes
  2 adder zombies
  2 worms
  2 dart slugs (D:1)
  4 leopard geckos
  25 orcs
  4 giant cockroaches
  3 goblins
  7 hobgoblins
  4 jackals
  10 kobolds
  4 quokkas
  A ball python (D:1)
  A ball python skeleton (D:6)
  8 bats
  4 frilled lizards
  A jackal skeleton (D:4)
  A quokka skeleton (D:4)
  5 rats
165 creatures vanquished.

Vanquished Creatures (collateral kills)
  A sky beast (D:6)
  A phantom (D:5)
  A bullfrog (D:6)
  An adder (D:5)
  An adder zombie (D:7)
  An orc (D:4)
6 creatures vanquished.

Grand Total: 171 creatures vanquished

Notes
Turn   | Place    | Note
-------+----------+-------------------------------------------
     0 | D:1      | wolfsongas the Demonspawn Berserker began the quest for the
                  | Orb.
     0 | D:1      | Reached XP level 1. HP: 18/18 MP: 1/1
   670 | D:1      | Gained mutation: A weak demonic guardian rushes to your
                  | aid. [demonic ancestry]
   670 | D:1      | Reached XP level 2. HP: 25/25 MP: 2/2
   985 | D:1      | Reached skill level 4 in Fighting
  1104 | D:1      | Reached XP level 3. HP: 30/30 MP: 3/3
  1172 | D:2      | Found a deep blue altar of Sif Muna.
  1178 | D:2      | Found an iron altar of Okawaru.
  1318 | D:2      | Found a blossoming altar of Fedhas.
  1399 | D:2      | Reached ** piety under Trog
  1850 | D:2      | Found a stormy altar of Qazlal.
  2278 | D:3      | Reached XP level 4. HP: 38/38 MP: 4/4
  2291 | D:3      | Found a hide-covered altar of Uskayaw.
  2296 | D:3      | Reached skill level 5 in Fighting
  2377 | D:3      | Found a runed translucent door.
  2378 | D:3      | Found a glowing golden altar of the Shining One.
  2378 | D:3      | Noticed an angel
  2945 | D:4      | Noticed Edmund
  2956 | D:4      | Killed Edmund
  2956 | D:4      | Reached skill level 6 in Fighting
  2956 | D:4      | Gained mutation: Your flesh is heat resistant. (rF+)
                  | [demonic ancestry]
  2956 | D:4      | Reached XP level 5. HP: 34/47 MP: 5/5
  3005 | D:4      | Gained mutation: You are partially covered in large bone
                  | plates. (SH +4) [demonic ancestry]
  3005 | D:4      | Reached XP level 6. HP: 15/53 MP: 6/6
  3298 | D:4      | Found a hazy altar of Hepliaklqana.
  3299 | D:4      | Found a shimmering altar of Xom.
  3299 | D:4      | Noticed a hell beast
  3300 | D:4      | Noticed a spectral ugly thing
  3300 | D:4      | Noticed a hell beast
  3365 | D:4      | Reached skill level 7 in Fighting
  3710 | D:4      | Reached *** piety under Trog
  3977 | D:5      | Entered Level 5 of the Dungeon
  3978 | D:5      | Noticed an orc warrior
  4005 | D:5      | Killed an orc warrior
  4005 | D:5      | Reached XP level 7. HP: 17/60 MP: 7/7
  4636 | D:5      | Reached skill level 8 in Fighting
  4868 | D:5      | Found Difiuchah's Weapon Boutique.
  5115 | D:6      | Noticed Grinder
  5125 | D:6      | Killed Grinder
  5125 | D:6      | Gained mutation: You have a pair of small horns on your
                  | head. [demonic ancestry]
  5125 | D:6      | Reached XP level 8. HP: 69/69 MP: 8/8
  5516 | D:6      | Reached skill level 9 in Fighting
  5969 | D:7      | Noticed a hippogriff
  5978 | D:7      | Killed a hippogriff
  5978 | D:7      | Reached skill level 5 in Axes
  5998 | D:7      | Noticed a hippogriff
  6010 | D:7      | Killed a hippogriff
  6199 | D:7      | Reached **** piety under Trog
  6393 | D:7      | Found a staircase to the Ecumenical Temple.
  6446 | D:7      | Noticed JimmyWheeler's ghost (novice KoHu)
  6454 | D:7      | Found a runed translucent gate.
  6454 | D:7      | Found a runed translucent gate.
  6456 | D:7      | Found a runed translucent gate.
  6477 | D:7      | Noticed a hippogriff
  6489 | D:7      | Killed a hippogriff
  6489 | D:7      | Gained mutation: You have a pair of horns on your head.
                  | [demonic ancestry]
  6489 | D:7      | Reached XP level 9. HP: 68/78 MP: 9/9
  6579 | D:7      | Reached skill level 10 in Fighting
  6579 | D:7      | Reached skill level 5 in Armour
  6774 | D:7      | Found a basalt altar of Yredelemnul.
  6774 | D:7      | Found an opulent altar of Gozag.
  6971 | D:7      | Found a white marble altar of Elyvilon.
  6971 | D:7      | Found a bloodstained altar of Trog.
  7824 | D:8      | Noticed a death yak
  7824 | D:8      | Noticed a death yak
  7824 | D:8      | Noticed a death yak
  7825 | D:8      | Noticed a death yak
  7825 | D:8      | Noticed a death yak
  8004 | D:9      | Reached skill level 11 in Fighting
  8211 | D:9      | Got a twisted ring mail
  8226 | D:9      | Identified the cursed +0 ring mail "Hoir" {*Slow rElec
                  | Dex+5} (You found it on level 9 of the Dungeon)
  8366 | D:9      | Gained mutation: You are mostly covered in large bone
                  | plates. (SH +6) [demonic ancestry]
  8366 | D:9      | Reached XP level 10. HP: 88/88 MP: 10/10
  8410 | D:9      | Found Qisatun's Gadget Emporium.
  8597 | D:9      | Got a bone falchion
  8598 | D:9      | Identified the cursed +3 falchion of Bread {drain, rN+++
                  | Int-5} (You found it on level 9 of the Dungeon)
  8615 | D:10     | Entered Level 10 of the Dungeon
  8636 | D:10     | Noticed a cyclops
  8864 | D:10     | Identified the +4 long sword of Terror {speed, rF- Str+5}
                  | (You found it on level 10 of the Dungeon)
  8931 | D:10     | Noticed Gastronok
  8953 | D:10     | Slain by Gastronok

Skill      XL: |  1  2  3  4  5  6  7  8  9 |
---------------+----------------------------+-----
Fighting       | 4 6 7 8 9 11 | 11.4
Armour         | 2 3 4 6 |  6.3
Axes           | 3 4 5 6 |  6.6
Dodging        | |  1.7

Action                   |  1- 3 |  4- 6 |  7- 9 | 10-12 || total
-------------------------+-------+-------+-------+-------++-------
Melee: Hand axe          |   149 |   206 |   151 |       ||   506
       Unarmed           |       |    13 |       |       ||    13
       War axe           |       |       |   187 |    29 ||   216
       Headbutt          |       |       |    60 |     7 ||    67
Invok: Berserk           |     2 |     2 |     4 |     1 ||     9
       Trog's Hand       |       |     1 |     1 |     1 ||     3
  Use: Scroll            |     6 |     7 |     7 |     2 ||    22
       Potion            |       |     5 |     5 |       ||    10
 Stab: Sleeping          |     1 |       |       |       ||     1
       Distracted        |       |       |     3 |       ||     3
  Eat: Ration            |     2 |     2 |     6 |       ||    10
       Chunk             |       |       |     1 |       ||     1
Armor: Animal skin       |    10 |       |       |       ||    10
       Leather armour    |    10 |       |       |       ||    10
       Ring mail         |    23 |    16 |       |       ||    39
       Plate armour      |       |    82 |   258 |    10 ||   350
Dodge: Dodged            |    81 |    78 |   130 |     8 ||   297
Block: Other             |       |    20 |    72 |     4 ||    96
